 Dungeon Crawl Stone Soup version 0.27-a0-1325-g58a489ad9e (webtiles) character file.

Game seed: 14442458572779170591

189107 freelancePsychic the Spry (level 18, -6/135 HPs)
             Began as a Djinni Wanderer on June 24, 2021.
             Was the Champion of Elyvilon.
             Mangled by a bog body (13 damage)
             ... on level 1 of the Swamp.
             The game lasted 01:34:22 (32845 turns).

freelancePsychic the Spry (Djinni Wanderer)        Turns: 32845, Time: 01:34:23

Health: -6/135     AC: 10    Str: 12    XL:     18   Next: 78%
Gold:   4425       EV: 16    Int: 31    God:    Elyvilon [******] SH:  6 Dex:  8

rFire    + + +     SeeInvis +   D - staff of conjuration
rCold    . . .     Faith    .   X - +2 buckler
rNeg     + . .     Spirit   .   F - +4 troll leather armour
rPois    ∞         Reflect  .   I - +2 helmet {SInv}
rElec    .         Harm     .   x - scarf {rC+ rF+}
rCorr    +         Rampage  .   W - +1 pair of gloves
Will     ++...                  (boots unavailable)
Stlth    +.........             d - amulet of the acrobat
HPRegen  1.32/turn              t - ring "Leninal" {*Corrode rN+ Int+10 Dex-5 Slay+3}
MPRegen  0.00/turn              b - ring of Duaffur {Will+ rCorr}

@: corroded, flying
A: sickness immunity, fire resistance 2, cold vulnerability 1, float, innate
caster, hp casting, extra vitality 1
}: 1/15 runes: gossamer
a: Renounce Religion, Lesser Healing, Heal Other, Purification, Greater Healing,
Divine Vigour, Divine Protection


You were on level 1 of the Swamp.
You worshipped Elyvilon.
Elyvilon was exalted by your worship.
You visited 5 branches of the dungeon, and saw 28 of its levels.
You also visited: Bailey and Gauntlet.

You collected 5388 gold pieces.
You spent 949 gold pieces at shops.
You donated 14 gold pieces to Zin.

Inventory:

Hand Weapons
 y - the +5 short sword "Killer Bee's Foe" {venom, Int+4}
   (You bought it in a shop on level 6 of the Dungeon)

   It poisons the flesh of those it strikes.
   It affects your intelligence (+4).
 K - the +9 morningstar "Jeobuli" {freeze, rC+ Dex+2}
   (You took it off a minotaur in a Gauntlet)

   It has been specially enchanted to freeze those struck by it, causing extra
   injury to most foes and up to half again as much damage against particularly
   susceptible opponents.
   It can also slow down cold-blooded creatures.
   It affects your dexterity (+2).
   It protects you from cold.
Missiles
 A - 14 boomerangs of dispersal
 E - 2 throwing nets
 R - 3 curare-tipped darts
Armour
 x - a scarf of resistance (worn)
 F - a +4 troll leather armour (worn)
 H - the +5 ice dragon scales "Jadeleb" {rF- rC++ Dex+6}
   (You took it off an orc on level 8 of the Dungeon)

   It affects your dexterity (+6).
   It makes you vulnerable to fire.
   It greatly protects you from cold.
 I - a +2 helmet of see invisible (worn)
 W - a +1 pair of gloves (worn)
 X - a +2 buckler (worn)
Magical Staves
 D - a staff of conjuration (weapon)
Jewellery
 b - the ring of Duaffur (right hand) {Will+ rCorr}
   (You found it in a Gauntlet)

   [ring of willpower]

   It protects you from acid and corrosion.
   It increases your willpower.
 d - an amulet of the acrobat (around neck)
 s - the ring of Conversion {MP+9 Str+4 Int+3}
   (You found it in a Gauntlet)

   [ring of magical power]

   It affects your strength (+4).
   It affects your intelligence (+3).
   It affects your magic capacity (+9).
 t - the ring "Leninal" (left hand) {*Corrode rN+ Int+10 Dex-5 Slay+3}
   (You found it on level 5 of the Dungeon)

   [ring of positive energy]

   It affects your intelligence (+10).
   It affects your dexterity (-5).
   It affects your accuracy and damage with ranged weapons and melee attacks
   (+3).
   It protects you from negative energy.
   It may corrode you when you take damage.
 J - a ring of wizardry
 T - a ring of ice
 Y - a ring of fire
 Z - a ring of ice
Wands
 n - a wand of flame (88)
 u - a wand of iceblast (26)
 v - a wand of paralysis (17)
 w - a wand of charming (7)
 L - a wand of mindburst (18)
 O - a wand of acid (20)
 V - a wand of digging (2)
Scrolls
 g - 6 scrolls of immolation
 i - 3 scrolls of identify {@r1}
 j - a scroll of summoning
 B - 7 scrolls of teleportation {@r4}
 C - a scroll of fear
 G - 5 scrolls of fog
 M - a scroll of blinking
 N - 2 scrolls of holy word
 P - 2 scrolls of magic mapping
 Q - 3 scrolls of enchant weapon
Potions
 a - 3 potions of flight
 c - 4 potions of curing {@q1}
 e - 3 potions of haste {@q3}
 f - 2 potions of berserk rage {unknown}
 h - 3 potions of cancellation
 k - 4 potions of magic {unknown}
 l - 6 potions of heal wounds {@q2}
 o - 11 potions of ambrosia
 p - 5 potions of might {unknown}
 q - 5 potions of attraction {unknown}
 r - 2 potions of brilliance
 z - a potion of resistance {unknown}
 S - 2 potions of degeneration {unknown}
 U - 4 potions of lignification {unknown}
Miscellaneous
 m - a phantom mirror


   Skills:
 - Level 14.3 Fighting
 - Level 3.7 Short Blades
 - Level 5.5 Armour
 + Level 16.6 Dodging
 - Level 1.0 Stealth
 - Level 4.0 Shields
 + Level 13.1 Unarmed Combat
 - Level 14.4 Spellcasting
 - Level 11.3 Invocations


You couldn't memorise any spells.
You knew the following spells:

 Your Spells              Type           Power      Damage    Failure   Level
a - Fireball              Conj/Fire      53%        3d21      1%          5
b - Blink                 Tloc           N/A        N/A       0%          2
c - Iskenderun's Mystic   Conj/Tloc      100%       2d19      1%          4
d - Hailstorm             Conj/Ice       100%       3d20      1%          4
e - Mephitic Cloud        Conj/Pois/Air  100%       N/A       1%          3
f - Invisibility          Hex            42%        N/A       1%          6
g - Magic Dart            Conj           100%       1d8       0%          1
h - Dragon Form           Tmut           42%        N/A       6%          7
i - Lesser Beckoning      Tloc           42%        N/A       1%          3
j - Apportation           Tloc           100%       N/A       0%          1
k - Corona                Hex            93%        N/A       0%          1
l - Static Discharge      Conj/Air       100%       N/A       0%          2
m - Corpse Rot            Necr/Air       N/A        N/A       0%          2
n - Call Imp              Summ           84%        N/A       0%          2
o - Conjure Flame         Conj/Fire      100%       6-21      1%          3
p - Stone Arrow           Conj/Erth      100%       3d13      1%          3
q - Slow                  Hex            84%        N/A       0%          2
r - Sandblast             Erth           100%       2d20      0%          1

Your spell library contained the following spells:

 Spells                   Type           Power      Damage    Failure   Level


Dungeon Overview and Level Annotations

Branches:
Dungeon (15/15)            Temple (0/1) D:4            Lair (6/6) D:11
  Swamp (1/4) Lair:2       Spider (4/4) Lair:2        Slime (0/5) Lair:5
    Orc (2/2) D:12            Elf (0/3) Orc:2        Vaults (0/5) D:13
 Depths (0/5) D:15         Bailey (visited)         Gauntlet (visited)

Altars:
Cheibriados
Elyvilon
Gozag
Kikubaaqudgha
Sif Muna
Trog
Vehumet
Xom
Yredelemnul
Zin
Beogh

Shops:
D:6 (*[*   D:8 :   D:9 (?(   D:13 (   D:15 ?   Orc:1 [   Orc:2 (([(

Annotations:
D:7 1 runed translucent door, Crazy Yiuf


Innate Abilities, Weirdness & Mutations

You are immune to sickness and miasma.
You are immune to poison.
Your flesh is very heat resistant. (rF++)
You are vulnerable to cold. (rC-)
You float through the air rather than walking.
You learn spells naturally, not from books.
Your magical power is your life essence.
You have superior vitality. (+4 HP)


Message History

You kill the swamp worm!
The bog body misses you.
Found a stone staircase leading down.
You barely miss the bog body. The bog body touches you.
The bog body freezes you!!
You feel a terrible chill!
You claw the bog body!
The bog body is moderately damaged.
The bog body points at you and mumbles some strange words.
The bolt of cold hits you!!
You feel a terrible chill!
* * * LOW HITPOINT WARNING * * *
Your transformation has ended.
Your staff of conjuration unmelds from your body.
Your scarf of resistance unmelds from your body.
Your +2 helmet of see invisible unmelds from your body.
Your +1 pair of gloves unmelds from your body.
Your +2 buckler unmelds from your body.
Your +4 troll leather armour unmelds from your body.
You feel resistant to extremes of temperature.
You feel perceptive.
You are engulfed in freezing vapours.
* * * LOW HITPOINT WARNING * * *
The bog body misses you.
You are healed.
You are engulfed in freezing vapours.
* * * LOW HITPOINT WARNING * * *
The bog body touches you!
* * * LOW HITPOINT WARNING * * *
Your corrosive artefact corrodes you!
The bog body freezes you!! Elyvilon protects you from harm!
Casting: Dragon Form (dangerous; 6% risk of failure)
Confirm with . or Enter, or press ? or * to list all spells.
Aiming: Fireball (mildly dangerous; 1% risk of failure)
Press: ? - help, Shift-Dir - straight line You feel a surge of power!
The fireball explodes!
The fireball engulfs the bog body!!
The bog body resists.
The bog body is severely damaged.
* * * LOW HITPOINT WARNING * * *
You hear a shout! x2
The bog body touches you.
* * * LOW HITPOINT WARNING * * *
The bog body freezes you!
You die...

♣§ ♣♣♣♣...≈♣ ♣..
♣≈......♣ ...♣
♣..≈≈≈..♣♣ ≈≈..♣♣♣
♣♣♣..≈≈≈..≈♣
≈≈...>.♣♣♣≈.≈≈≈≈≈≈..♣♣
≈≈≈.≈≈.....≈≈≈≈≈≈≈≈≈≈♣
≈≈≈.≈≈≈....†≈≈≈≈≈≈≈≈.♣
≈≈≈.≈§n@..≈..≈≈≈≈≈≈≈.♣♣
..≈≈≈§§≈.$...≈≈≈≈≈...≈♣
≈≈.≈≈§§≈≈..≈≈.......†≈♣♣
>.♣≈......≈≈≈≈)≈≈..≈.≈≈.
. ♣♣.≈..≈♣♣♣♣≈..†≈......
♣≈§§≈.♣ ♣♣♣≈.[♣.....
♣≈≈≈≈≈≈ ♣♣♣♣(...≈≈
≈.≈§≈.♣ ♣♣≈♣♣≈.≈§≈≈
♣♣.≈....≈≈≈≈


You could see a bog body.

Vanquished Creatures
  4 ghost moths
  An emperor scorpion (Spider:4)
  An orc warlord (Orc:2)
  The ghost of HilariousDeathArtist the Warrior, a journeyman BaHu of Okawaru (Orc:2)
  2 entropy weavers (Spider:2)
  3 spark wasps
  2 bunyips (Swamp:1)
  A minotaur (Gauntlet)
  An eleionoma (Swamp:1)
  An ettin (Orc:1)
  A fire dragon (Lair:6)
  4 vault guards (D:13)
  A rakshasa (D:14)
  A yaktaur captain (D:11)
  Fannar (Lair:3)
  11 hydras
  6 centaur warriors
  A catoblepas (Lair:6)
  8 boulder beetles
  14 two-headed ogres
  An ogre mage (D:12)
  9 death yaks
  2 tengu warriors (D:12)
  The ghost of Huef the Covert, a journeyman KoEn of Dithmenos (Lair:1)
  An orc high priest (Orc:2)
  A spectral death yak (Lair:1)
  Sonja (Lair:2)
  A spark wasp zombie (D:15)
  5 skeletal warriors (D:15)
  A spriggan druid (Swamp:1)
  A lindwurm (Lair:6)
  A wizard (D:15)
  A phantasmal warrior (D:15)
  2 orc knights
  2 necromancers
  A shadow dragon skeleton (D:15)
  A stone giant zombie (D:15)
  11 ugly things
  An orc sorcerer (Orc:2)
  15 orb spiders
  16 wolf spiders
  An oklob plant (Lair:3)
  6 cyclopes
  2 manticores (D:14)
  A moth of wrath (Spider:4)
  2 deep elf pyromancers
  5 centaur zombies
  14 elephants
  Joseph (D:7)
  3 molten gargoyles (Lair:6)
  7 black mambas
  Maggie (D:7)
  A torpor snail (Spider:4)
  5 gargoyles
  A spriggan zombie (D:15)
  12 cane toads
  2 ice devils (Lair:2)
  3 unseen horrors (D:11)
  11 komodo dragons
  6 rime drakes
  2 freezing wraiths
  5 kobold demonologists (D:11)
  3 tengu conjurers
  13 demonic crawlers
  An efreet (D:13)
  2 bloated husks (Swamp:1)
  A queen bee (D:10)
  17 blink frogs
  30 jumping spiders
  9 hornets
  10 slime creatures
  6 trolls
  6 dream sheep (Lair:3)
  2 centaur simulacra
  2 large abominations (Gauntlet)
  81 redbacks
  3 vampires
  5 wyverns
  3 shadows
  30 tarantellas
  3 wraiths
  31 yaks
  8 basilisks
  Grum (D:9)
  A steam dragon (Lair:6)
  11 vampire mosquitoes
  A death yak simulacrum (Lair:1)
  Edmund (D:5)
  3 acid dragons
  4 swamp worms (Swamp:1)
  2 wargs (Orc:2)
  3 hell hounds (Lair:6)
  5 small abominations (Gauntlet)
  Duvessa (D:7)
  16 water moccasins
  3 hydra simulacra (Lair:1)
  42 orc warriors
  A swamp drake (Swamp:1)
  A black bear (D:4)
  4 boggarts (D:15)
  An ice beast (D:5)
  21 ogres
  17 wolves
  29 centaurs
  A kobold brigand (D:9)
  A phantom (D:5)
  13 bullfrogs
  2 gnoll sergeants
  4 scorpions
  Dowan (D:7)
  A dream sheep simulacrum (Lair:1)
  22 killer bees
  6 howler monkeys
  3 wights (D:9)
  11 electric eels
  3 bullfrog zombies
  5 lava snakes (Lair:6)
  A hound (D:5)
  4 jellies
  2 centaur skeletons
  18 orc priests
  A gnoll shaman (D:4)
  6 iguanas
  27 orc wizards
  A hound skeleton (D:5)
  13 gnolls
  A howler monkey zombie (D:6)
  4 adders
  A shadow imp (Gauntlet)
  A white imp (D:8)
  An adder skeleton (D:4)
  A worm (D:3)
  90 orcs
  4 endoplasms
  3 giant cockroaches
  14 goblins
  9 hobgoblins
  3 jackals (D:5)
  19 kobolds
  2 quokkas
  7 ball pythons
  8 bats
  7 frilled lizards
  3 rats
  A spectral orc (D:11)
  A bush (Lair:3)
991 creatures vanquished.

Vanquished Creatures (collateral kills)
  3 killer bees (D:10)
3 creatures vanquished.

Vanquished Creatures (others)
  An orb spider (Spider:4)
  3 killer bees (D:10)
  A bush (Lair:2)
  39 fungi
  133 plants
  6 withered plants
183 creatures vanquished.

Grand Total: 1177 creatures vanquished

Notes
Turn   | Place    | Note
-------+----------+-------------------------------------------
     0 | D:1      | freelancePsychic the Djinni Wanderer began the quest for
                  | the Orb.
     0 | D:1      | Reached XP level 1. HP: 15/15 MP: 0/0
   427 | D:1      | Reached XP level 2. HP: 20/21 MP: 0/0
   475 | D:1      | Found a faded altar of an unknown god.
   480 | D:1      | Became a worshipper of Zin the Law-Giver
   480 | D:1      | Reached * piety under Zin
  1205 | D:1      | Reached skill level 1 in Short Blades
  1288 | D:1      | Reached ** piety under Zin
  1403 | D:1      | Reached XP level 3. HP: 23/25 MP: 0/0
  1403 | D:1      | Learned a level 1 spell: Corona
  3168 | D:3      | Reached XP level 4. HP: 28/31 MP: 0/0
  3192 | D:3      | Found a bloodstained altar of Trog.
  4107 | D:4      | Found a white marble altar of Elyvilon.
  4115 | D:4      | Fell from the grace of Zin
  4115 | D:4      | Became a worshipper of Elyvilon the Healer
  4115 | D:4      | Reached * piety under Elyvilon
  4122 | D:4      | Reached XP level 5. HP: 28/35 MP: 0/0
  4122 | D:4      | Learned a level 2 spell: Static Discharge
  4392 | D:4      | Noticed a black bear
  4402 | D:4      | Killed a black bear
  4403 | D:4      | Reached XP level 6. HP: 34/40 MP: 0/0
  4877 | D:4      | Reached ** piety under Elyvilon
  4932 | D:4      | Found a staircase to the Ecumenical Temple.
  5063 | D:4      | Reached skill level 1 in Invocations
  5248 | D:5      | Entered Level 5 of the Dungeon
  5430 | D:5      | Found a glowing silver altar of Zin.
  5442 | D:5      | Reached XP level 7. HP: 32/45 MP: 0/0
  5442 | D:5      | Learned a level 2 spell: Corpse Rot
  5820 | D:4      | Reached skill level 1 in Fighting
  6281 | D:5      | Reached XP level 8. HP: 40/54 MP: 0/0
  6535 | D:5      | Noticed Edmund
  6542 | D:5      | Killed Edmund
  6788 | D:5      | Identified the ring "Leninal" {*Corrode rN+ Int+10 Dex-5
                  | Slay+3}
  7109 | D:6      | Found Tedufar's General Store.
  7119 | D:6      | Identified a scroll of acquirement
  7119 | D:6      | Acquired a manual of Unarmed Combat
  7327 | D:6      | Reached skill level 5 in Invocations
  7537 | D:6      | Found Dice's Armour Boutique.
  7754 | D:6      | Reached *** piety under Elyvilon
  7803 | D:6      | Noticed a yak
  7807 | D:6      | Noticed a yak
  7808 | D:6      | Reached XP level 9. HP: 41/62 MP: 0/0
  7808 | D:6      | Learned a level 4 spell: Iskenderun's Mystic Blast
  8017 | D:6      | Reached skill level 5 in Fighting
  8279 | D:6      | Found a snail-covered altar of Cheibriados.
  8367 | D:6      | Found Nioveqau's Assorted Antiques.
  8383 | D:6      | Found Ceucoygi's Antique Weapon Emporium.
  8398 | D:6      | Bought a fine short sword for 176 gold pieces
  8398 | D:6      | Identified the +5 short sword "Killer Bee's Foe" {venom,
                  | Int+4} (You bought it in a shop on level 6 of the Dungeon)
  8546 | D:7      | Noticed Maggie
  8553 | D:7      | Killed Maggie
  8637 | D:7      | Noticed a troll
  8647 | D:7      | Killed a troll
  8872 | D:7      | Reached XP level 10. HP: 66/72 MP: 0/0
  8881 | D:7      | Noticed Joseph
  8919 | D:7      | Killed Joseph
  9053 | D:7      | Acquired a scarf of resistance
  9103 | D:7      | Noticed Duvessa
  9105 | D:7      | Noticed Dowan
  9115 | D:7      | Killed Duvessa
  9117 | D:7      | Killed Dowan
  9607 | D:7      | Found a runed translucent door.
  9608 | D:7      | Identified the +2 mace "Mall" {speed, Dex+7}
  9608 | D:7      | Noticed Crazy Yiuf
  9757 | D:8      | Noticed a two-headed ogre
  9762 | D:8      | Killed a two-headed ogre
  9895 | D:8      | Reached **** piety under Elyvilon
 10044 | D:8      | Found Eteuja's Book Boutique.
 10067 | D:8      | Found a shimmering altar of Xom.
 10221 | D:8      | Reached skill level 1 in Dodging
 10320 | D:8      | Identified the +5 ice dragon scales "Jadeleb" {rF- rC++
                  | Dex+6}
 10323 | D:8      | Noticed a centaur warrior
 10332 | D:8      | Killed a centaur warrior
 10333 | D:8      | Reached skill level 3 in Dodging
 10683 | D:8      | Reached XP level 11. HP: 79/81 MP: 0/0
 10683 | D:8      | Learned a level 4 spell: Hailstorm
 10688 | D:8      | Reached skill level 1 in Armour
 10883 | D:8      | Identified the +11 dagger of Wyrd {flame, Will+ Str+2 Int+3
                  | Dex-3}
 10890 | D:8      | Acquired a +1 helmet of see invisible
 11280 | D:9      | Found Xutogoge's Magic Scroll Shop.
 11376 | D:9      | Noticed a deep elf pyromancer
 11379 | D:9      | Killed a deep elf pyromancer
 11527 | D:9      | Noticed a two-headed ogre
 11540 | D:9      | Killed a two-headed ogre
 11959 | D:9      | Found Aplecsi's Weapon Shoppe.
 12036 | D:9      | Noticed Grum
 12040 | D:9      | Killed Grum
 12176 | D:9      | Found Bujaiwnonn's Jewellery Shop.
 12273 | D:9      | Found an opulent altar of Gozag.
 12341 | D:9      | Found Zewiciux's Weapon Emporium.
 12660 | D:10     | Entered Level 10 of the Dungeon
 12661 | D:10     | Noticed a two-headed ogre
 12670 | D:10     | Reached skill level 5 in Armour
 12714 | D:10     | Killed a two-headed ogre
 12715 | D:10     | Reached skill level 10 in Fighting
 12746 | D:10     | Found a flagged portal.
 12751 | Bailey   | Entered a bailey
 13027 | Bailey   | Acquired 931 gold pieces
 13479 | Bailey   | Reached XP level 12. HP: 84/93 MP: 0/0
 13844 | D:10     | Reached skill level 4 in Dodging
 14488 | D:10     | Reached skill level 5 in Dodging
 14771 | D:9      | Bought a scroll of acquirement for 676 gold pieces
 14771 | D:9      | Acquired 1082 gold pieces
 14773 | D:9      | Bought a scroll of enchant armour for 97 gold pieces
 14792 | D:11     | Noticed a two-headed ogre
 14884 | D:11     | Reached skill level 6 in Dodging
 14924 | D:11     | Noticed a boulder beetle
 14928 | D:11     | Noticed an ogre mage
 14928 | D:11     | Noticed a two-headed ogre
 14982 | D:11     | Reached skill level 10 in Spellcasting
 14990 | D:11     | Noticed a two-headed ogre
 15002 | D:11     | Killed a two-headed ogre
 15003 | D:11     | Reached skill level 7 in Dodging
 15006 | D:11     | Found a gate leading to a gauntlet.
 15017 | Gauntlet | Entered a Gauntlet
 15017 | Gauntlet | Found a transporter.
 15117 | Gauntlet | Found a transporter.
 15119 | Gauntlet | Found a transporter.
 15122 | Gauntlet | Noticed a tengu warrior
 15130 | Gauntlet | Found a transporter.
 15133 | Gauntlet | Found a transporter.
 15147 | Gauntlet | Found a transporter.
 15165 | Gauntlet | Found a transporter.
 15175 | Gauntlet | Found a transporter.
 15175 | Gauntlet | Noticed a reaper
 15185 | Gauntlet | Found a transporter.
 15190 | Gauntlet | Noticed a wretched star
 15199 | Gauntlet | Found a transporter.
 15207 | Gauntlet | Found a runed translucent door.
 15208 | Gauntlet | Found a transporter.
 15209 | Gauntlet | Found a runed translucent door.
 15210 | Gauntlet | Found a transporter.
 15279 | Gauntlet | Identified the ring of Duaffur {Will+ rCorr}
 15391 | Gauntlet | Found a transporter.
 15526 | Gauntlet | Identified the +8 mace of Royalism {vorpal, Drain Fly rC+
                  | Stlth+}
 15539 | Gauntlet | Identified the ring of Conversion {MP+9 Str+4 Int+3}
 15553 | Gauntlet | Identified the +9 morningstar "Jeobuli" {freeze, rC+ Dex+2}
 15553 | Gauntlet | Noticed a minotaur
 15569 | Gauntlet | Killed a minotaur
 15570 | Gauntlet | Reached skill level 8 in Dodging
 15854 | D:11     | Killed a two-headed ogre
 15855 | D:11     | Reached XP level 13. HP: 89/98 MP: 0/0
 15855 | D:11     | Learned a level 5 spell: Fireball
 15963 | D:11     | Killed a boulder beetle
 16088 | D:11     | Reached skill level 9 in Dodging
 16132 | D:11     | Identified the ring "Peupyal" {+Blink Fly rPois Will- MP+9
                  | Int-3}
 16132 | D:11     | Noticed a yaktaur captain
 16146 | D:11     | Killed a yaktaur captain
 16273 | D:11     | Reached skill level 10 in Dodging
 16678 | D:11     | Found a staircase to the Lair.
 16749 | D:11     | Found a basalt altar of Yredelemnul.
 16815 | Lair:1   | Entered Level 1 of the Lair of Beasts
 16815 | Lair:1   | Found a runed translucent gate.
 16815 | Lair:1   | Found a runed translucent gate.
 16819 | Lair:1   | Noticed Huef's ghost (journeyman KoEn)
 16827 | Lair:1   | Reached skill level 11 in Dodging
 16936 | Lair:1   | Found a runed translucent gate.
 17113 | Lair:1   | You are sucked into a shaft and drop 1 floor!
 17432 | Lair:1   | Reached ***** piety under Elyvilon
 17613 | Lair:2   | Noticed Sonja
 17632 | Lair:2   | Found a staircase to the Swamp.
 17662 | Lair:2   | Noticed a five-headed hydra
 17666 | Lair:2   | Killed a five-headed hydra
 17667 | Lair:2   | Reached XP level 14. HP: 94/105 MP: 0/0
 17684 | Lair:2   | Killed Sonja
 17703 | Lair:2   | Found a hole to the Spider Nest.
 18626 | Lair:3   | Noticed Fannar
 18629 | Lair:3   | Killed Fannar
 19515 | Lair:4   | Identified the +0 plate armour of the Orange Skies {rC+}
 19577 | Lair:4   | Reached ****** piety under Elyvilon
 20601 | Lair:5   | Found a staircase to the Slime Pits.
 20929 | Lair:6   | Entered Level 6 of the Lair of Beasts
 20934 | Lair:5   | Reached XP level 15. HP: 107/115 MP: 0/0
 20934 | Lair:5   | Learned a level 6 spell: Invisibility
 22172 | Lair:6   | Upgraded the game from 0.27-a0-1324-ge0d8e047f6 to
                  | 0.27-a0-1325-g58a489ad9e
 22182 | Lair:6   | Found a large runed translucent door.
 22182 | Lair:6   | Found a large runed translucent door.
 22766 | D:12     | Reached skill level 12 in Dodging
 22946 | D:12     | Reached XP level 16. HP: 116/123 MP: 0/0
 23205 | D:12     | Found a staircase to the Orcish Mines.
 23605 | D:13     | Reached skill level 13 in Dodging
 23722 | Orc:1    | Entered Level 1 of the Orcish Mines
 24194 | Orc:1    | Found Basim's Armour Shoppe.
 24409 | Orc:2    | Entered Level 2 of the Orcish Mines
 24622 | Orc:2    | Found a runed translucent door.
 24622 | Orc:2    | Noticed HilariousDeathArtist's ghost (journeyman BaHu)
 24635 | Orc:2    | Found a staircase to the Elven Halls.
 25058 | Orc:2    | Found Ruelik Peda's Antique Weapon Shop.
 25070 | Orc:2    | Found Pycise's Antique Armour Boutique.
 25294 | Orc:2    | Found Fuahecu's Antique Weapon Boutique.
 25426 | Orc:2    | Found Gadawufo's Antique Weapon Boutique.
 25655 | Orc:2    | Killed HilariousDeathArtist's ghost
 25777 | D:13     | Found a gate to the Vaults.
 25894 | D:13     | Reached skill level 14 in Dodging
 25966 | D:13     | Found Cistuobi's Antique Weapon Boutique.
 26523 | D:14     | Reached XP level 17. HP: 98/129 MP: 0/0
 26523 | D:14     | Learned a level 7 spell: Dragon Form
 26743 | D:14     | You are sucked into a shaft and drop 1 floor!
 26743 | D:15     | Entered Level 15 of the Dungeon
 26752 | D:15     | Reached skill level 1 in Unarmed Combat
 27084 | D:15     | Found a staircase to the Depths.
 27108 | D:15     | HP: 7/193 [cyclops (10)]
 27261 | D:15     | Found Qophitis's Magic Scroll Shop.
 27372 | D:15     | Reached skill level 5 in Unarmed Combat
 28737 | Spider:1 | Entered Level 1 of the Spider Nest
 29225 | Lair:1   | Killed Huef's ghost
 29226 | Lair:1   | Reached skill level 15 in Dodging
 29737 | Spider:1 | Reached skill level 10 in Unarmed Combat
 30850 | Spider:3 | Reached skill level 10 in Invocations
 30876 | Spider:3 | Reached XP level 18. HP: 125/135 MP: 0/0
 31670 | Spider:4 | Entered Level 4 of the Spider Nest
 31788 | Spider:4 | Reached skill level 16 in Dodging
 32587 | Spider:4 | Got a gossamer rune of Zot
 32743 | Swamp:1  | Entered Level 1 of the Swamp
 32844 | Swamp:1  | Elyvilon protects you from harm!
 32845 | Swamp:1  | Mangled by a bog body

Illustrated notes

Levels and vault maps discovered:
D:1:      minmay_arrival_widening_spiral_wide, layout_basic,
          basic_ecumenical_altar
D:2:      layout_basic, minmay_misc_feat_four_crosses, kennysheep_crisscross,
          chequers_decorated_corner, hex_intersection
D:3:      layout_loops_corners, trog_butcher_becter, minmay_misc_feat_hallway,
          minmay_misc_feat_encased
D:4:      layout_loops_cross, elyvilon_altar_5, minmay_temple_entry_nine_rooms,
          serial_rivers, chequers_serial_rivers_micro_e,
          chequers_serial_rivers_marsh, chequers_serial_rivers_small_3,
          chequers_serial_rivers_marsh, chequers_serial_rivers_micro_a,
          minmay_misc_feat_alley, minmay_door_square, minmay_box_of_dots
D:5:      layout_rooms, old_standard_altar, uniq_edmund
D:6:      layout_cave_pools, kennysheep_mini_moat, amcnicky_altar_gilded,
          serial_glass, glass_columns_b, glass_columns_a, serial_shops, shop,
          shop, shop_coins, nicolae_shop_waterfront, serial_bayou_lake_a
D:7:      layout_rooms, lemuel_old_faithful, uniq_joseph,
          uniq_crazy_yiuf_cottage, uniq_duvessa, uniq_maggie
D:8:      minmay_chambers_of_fours, layout_basic, xom_butterflies, serial_shops,
          kennysheep_mini, kennysheep_just_a_vault
D:9:      layout_basic, nicolae_overflow_hidden_temple,
          gammafunk_temple_overflow_pools, serial_shops, shop_statue,
          nicolae_square_shop, nicolae_diamond_shop, nicolae_stop_n_shop_1,
          kennysheep_generic_room_13, uniq_grum
D:10:     layout_basic, enter_bailey_3, special_room [special_room_bee],
          minmay_unpleasant_kobolds
D:11:     nzn_winding_woodlands_stair_trap
          [nzn_winding_woodlands_5x15_sidewinder,
          nzn_winding_woodlands_5x15_cabin, nzn_winding_woodlands_5x15_jagged,
          nzn_winding_woodlands_15x15_five_gardens,
          nzn_winding_woodlands_5x15_lazy_stream,
          nzn_winding_woodlands_5x15_pockets,
          nzn_winding_woodlands_5x15_longhouse], layout_basic,
          david_lair_shrubbed, gauntlet_entry_generic,
          yredelemnul_forgotten_temple_becter
D:12:     lemuel_ogre_cave, layout_cave_pools, orc_david_3,
          statue_in_the_mist_lemuel, kennysheep_generic_room_14
D:13:     layout_roguey, lightli_vaults_fourway_checkpoint, serial_shops, shop
D:14:     layout_small_grid
D:15:     gammafunk_depths_entry_grave, layout_stronghold,
          minmay_stone_trees_medium, serial_shops, shop_scrolls,
          lemuel_flamethrower_1
Lair:1:   layout_chaotic_city, gammafunk_ghost_necromancy,
          chequers_serial_rivers_micro_d, minivault_25
Lair:2:   layout_cellular_growth, swamp_mist, spider_nest_entry_a,
          portal_ice_cave_demonic_guard, serial_bayou_lagoon_a, disabler_island,
          uniq_sonja
Lair:3:   layout_hall_layers, uniq_fannar
Lair:4:   layout_cave_shapes
Lair:5:   layout_cave_pods, minmay_slime_entry_pillars
Lair:6:   cheibrodos_lair_end_hotspot, layout_long_grid
Swamp:1:  layout_basic_swamp, hangedman_swamp_diagram, uniq_frances
Spider:1: layout_spider_delve
Spider:2: layout_spider_delve
Spider:3: layout_spider_delve
Spider:4: spider_rune_water
Orc:1:    nicolae_orc_accident_1, layout_caves, serial_shops, shop
Orc:2:    grunt_orc_community_town_hall, layout_caves,
          grunt_orc_community_big_house_2, grunt_orc_community_big_house_2,
          grunt_orc_community_house_2, grunt_orc_community_house_3,
          grunt_orc_community_house_3, grunt_orc_community_house_1,
          grunt_orc_community_house_2, grunt_orc_community_house_2,
          gammafunk_ghost_grave, nicolae_orc_lava_tube

Skill      XL: |  1  2  3  4  5  6  7  8  9 10 11 12 13 14 15 16 17 18 |
---------------+-------------------------------------------------------+-----
Short Blades   | 1 2 3 |  3.7
Shields        | 2 3 4 |  4.0
Invocations    | 2 3 5 6 8 9 10 11 | 11.3
Fighting       | 2 4 6 8 10 11 13 14 | 14.3
Spellcasting   | 7 8 9 10 11 12 13 14 | 14.4
Dodging        | 3 8 11 12 14 15 16 | 16.6
Armour         | 5 |  5.5
Unarmed Combat | 12 13 | 13.1
Stealth        | |  1.0

Action                   |  1- 3 |  4- 6 |  7- 9 | 10-12 | 13-15 | 16-18 || total
-------------------------+-------+-------+-------+-------+-------+-------++-------
Melee: Club              |     2 |       |       |       |       |       ||     2
       Dagger            |    16 |    71 |    36 |       |       |       ||   123
       Short sword       |       |       |       |   173 |       |       ||   173
       Staff             |       |       |       |       |     4 |     3 ||     7
       Unarmed           |       |       |       |       |       |   170 ||   170
       Tailslap          |       |       |       |       |       |    18 ||    18
       Bite              |       |       |       |       |       |    14 ||    14
       Punch             |       |       |       |       |       |     3 ||     3
 Cast: Magic Dart        |    67 |    28 |     1 |       |       |       ||    96
       Mephitic Cloud    |     6 |    11 |    13 |    57 |     3 |     2 ||    92
       Stone Arrow       |       |       |    70 |   161 |     1 |       ||   232
       Iskenderun's Myst |       |       |    11 |    25 |     9 |    70 ||   115
       Hailstorm         |       |       |       |     4 |    25 |    12 ||    41
       Fireball          |       |       |       |       |   367 |   397 ||   764
       Slow              |       |       |       |       |     1 |       ||     1
       Lesser Beckoning  |       |       |       |       |     1 |       ||     1
       Invisibility      |       |       |       |       |     4 |       ||     4
       Dragon Form       |       |       |       |       |       |    23 ||    23
Invok: Heal Other        |       |       |     1 |     1 |       |       ||     2
       Greater Healing   |       |       |       |    11 |       |     4 ||    15
       Lesser Healing    |       |       |       |     1 |       |       ||     1
       Purification      |       |       |       |       |       |     2 ||     2
 Abil: Breathe Fire      |       |       |       |       |       |    11 ||    11
       End Transformatio |       |       |       |       |       |     4 ||     4
  Use: Scroll            |       |       |     6 |    14 |     4 |    11 ||    35
       Potion            |       |       |       |     1 |       |     5 ||     6
 Stab: Confused          |     1 |     2 |     5 |    12 |       |       ||    20
       Sleeping          |       |     2 |       |       |       |       ||     2
Armor: Robe              |     8 |    12 |     3 |       |       |       ||    23
       Acid dragon scale |       |       |       |    10 |       |       ||    10
       Ice dragon scales |       |       |       |   100 |       |       ||   100
       Troll leather arm |       |       |       |     2 |    30 |    89 ||   121
       Skin              |       |       |       |       |       |   120 ||   120
Dodge: Dodged            |    17 |    32 |    25 |   149 |    81 |   290 ||   594
Block: Buckler           |       |    20 |    10 |    43 |    10 |    56 ||   139

Table legend: (Time is in decaauts)
 A = Elapsed time spent in this place.
 B = Non-inter-level travel time spent in this place.
 C = Inter-level travel time spent in this place.
 D = Time resting spent in this place.
 E = Time spent auto-exploring this place.
 F = Levels seen in this place.
 G = Mean time per level.
                   A        B        C        D        E       F      G
               +--------+--------+--------+--------+--------+-----+--------+
         Total |  32826 |  31418 |   1408 |   2818 |  23935 |  30 | 1094.2 |
       Dungeon |  19328 |  18513 |    815 |   1655 |  14543 |  15 | 1288.5 |
          Lair |   6647 |   6277 |    370 |    460 |   4774 |   6 | 1107.8 |
         Swamp |    100 |    100 |      0 |      0 |     60 |   1 |  100.0 |
   Spider Nest |   3211 |   3056 |    155 |    600 |   1914 |   4 |  802.8 |
  Orcish Mines |   1984 |   1917 |     67 |     44 |   1598 |   2 |  992.0 |
        Bailey |   1011 |   1011 |      0 |      9 |    794 |   1 | 1011.0 |
      Gauntlet |    542 |    542 |      0 |     50 |    252 |   1 |  542.0 |
               +--------+--------+--------+--------+--------+-----+--------+

Top non-repeatable levels by time:
     D:4: 2101 daAuts
    D:15: 1808 daAuts
    D:11: 1635 daAuts
     D:1: 1573 daAuts
     D:8: 1546 daAuts
  Lair:2: 1518 daAuts
     D:6: 1440 daAuts
     D:9: 1420 daAuts
     D:2: 1388 daAuts
  Lair:6: 1310 daAuts
   Orc:2: 1264 daAuts
  Lair:5: 1249 daAuts
     D:7: 1185 daAuts
Spider:2: 1149 daAuts
    D:10: 1112 daAuts
